Map: 瑟拉斯废墟

Players

shengy - Winner!

  • Race: Zerg Zerg
  • League: Platinum

gameggerpc

  • Race: Terran Terran

VOD

Have the link to the VOD?

Description

Time

  • Played on: Jan. 1, 2016, 1:37 a.m.
  • Length: 7:35
Show
View Real Time Build Order
Export as new Build Order

shengy Zerg - Winner!

Build Orders: Hatch First 

Get SALT Encoding   

  12  0:01  Drone  
  13  0:09  Drone  
  14  0:18  Overlord  
  14  0:25  Drone, Extractor  
  15  0:37  Drone x2  
  17  0:45  Drone  
  18  1:00  Hatchery  
  17  1:06  Drone  
  17  1:07  Drone, Extractor  
  18  1:23  Spawning Pool  
  17  1:35  Drone  
  17  1:38  Drone  
  19  1:44  Overlord  
  19  1:52  Drone  
  20  2:02  Drone  
  21  2:11  Queen  
  21  2:12  Queen  
  21  2:14  Zergling x2  
  27  2:15  Zergling x2  
  27  2:22  Metabolic Boost  
  27  2:25  Drone  
  28  2:30  Drone  
  28  2:33  Drone  
  30  2:40  Drone  
  30  2:58  Zergling x2  
  31  3:00  Drone x3  
  31  3:03  Lair  
  34  3:06  Extractor  
  34  3:08  Drone  
  34  3:10  Drone  
  35  3:21  Overlord  
  35  3:27  Drone  
  36  3:40  Drone x2  
  36  3:41  Drone x4  
  42  3:55  Drone x2  
  44  4:02  Overlord  
  44  4:10  Extractor  
  44  4:11  Extractor  
  44  4:14  Drone x2  
  44  4:17  Hatchery  
  44  4:19  Overlord  
  43  4:30  Spire  
  42  4:35  Drone x4  
  42  4:36  Drone x2  
  48  5:00  Baneling Nest, Overlord  
  48  5:02  Zergling x10  
  48  5:03  Zergling x4  
  53  5:23  Zergling x4  
  53  5:24  Zergling x8  
  59  5:34  Zergling x2  
  59  5:35  Zergling x8  
  59  6:04  Mutalisk x7  
  59  6:07  Overlord x2  
  59  6:24  Overlord  
  59  6:26  Mutalisk x5  
  59  6:36  Overlord  
  59  6:40  Zergling x12  
  59  6:47  Queen  
  59  6:51  Baneling  
  59  6:52  Baneling x13  
Show
View Real Time Build Order
Export as new Build Order

gameggerpc Terran 

Build Orders:  

Get SALT Encoding   

  12  0:36  Command Center  
  12  0:40  SCV  
  13  0:52  SCV  
  14  1:00  Supply Depot  
  14  1:04  SCV  
  14  1:09  Refinery  
  15  1:22  SCV  
  16  1:26  Barracks  
  16  1:34  SCV  
  17  1:46  SCV  
  18  1:48  SCV  
  19  1:58  SCV  
  19  2:00  SCV  
  21  2:04  Supply Depot  
  21  2:10  SCV  
  21  2:13  Reaper  
  21  2:14  SCV  
  24  2:22  Refinery  
  24  2:24  SCV  
  25  2:34  Factory  
  25  2:40  Orbital Command  
  25  2:43  SCV  
  26  2:56  SCV  
  27  3:00  Barracks  
  27  3:05  Marine  
  28  3:09  Barracks  
  28  3:10  SCV  
  29  3:14  SCV  
  30  3:23  SCV  
  30  3:25  Armory  
  31  3:28  Factory Tech Lab  
  31  3:29  SCV  
  32  3:41  SCV x2  
  34  3:43  Refinery, Barracks Tech Lab  
  34  3:46  Refinery  
  34  3:52  Barracks Reactor  
  34  3:53  SCV  
  34  3:55  Siege Tank  
  38  3:58  SCV  
  38  3:59  Marine  
  40  4:04  Marauder  
  40  4:09  Supply Depot  
  42  4:19  Marine  
  42  4:23  SCV  
  44  4:25  Supply Depot, Marine  
  44  4:27  SCV  
  44  4:30  Siege Tank, Marine x2  
  51  4:33  Terran Vehicle Weapons Level 1  
  51  4:45  Barracks Reactor  
  50  4:47  Marauder, SCV  
  50  4:50  SCV  
  54  4:54  Marine x2  
  54  4:59  Supply Depot, SCV  
  57  5:02  Engineering Bay  
  57  5:07  Marine  
  57  5:10  Siege Tank  
  61  5:16  Marine  
  61  5:20  Marine, Starport  
  63  5:24  Marine  
  63  5:26  Marauder  
  66  5:31  SCV  
  67  5:43  Siege Tank  
Tags
 
Add a new tag
Caveats
  • Supply blocks, unpowered buildings, or Contaminate may cause inaccurate times.
  • Supply counts are checked every 10 seconds.